 Dungeon Crawl Stone Soup version 0.27-a0-1065-ge809cff456 (webtiles) character file.

Game seed: 2614477163841384078

140 wakim the Chopper (level 5, -4/47 HPs)
             Began as a Hill Orc Fighter on Apr 22, 2021.
             Slain by an orc
             ... wielding a +0 spear
              (7 damage)
             ... on level 3 of the Dungeon.
             The game lasted 00:08:09 (2483 turns).

wakim the Chopper (Hill Orc Fighter)                Turns: 2483, Time: 00:08:10

Health: -4/47      AC: -7    Str: 20    XL:     5   Next: 23%
Magic:  5/5        EV:  7    Int:  8    God:
Gold:   136        SH:  9    Dex: 10    Spells: 4/4 levels left

rFire    . . .     SeeInvis +   a - +14 obsidian axe {vorpal, Drain Fly SInv}
rCold    . . .     Faith    .   c - +0 kite shield
rNeg     . . .     Spirit   .   k - +1 scale mail
rPois    +         Reflect  .   (no helmet)
rElec    .         Harm     .   (no cloak)
rCorr    .         Rampage  .   (no gloves)
Will     .....                  (no boots)
Stlth    ..........             (no amulet)
HPRegen  0.15/turn              m - ring of poison resistance
MPRegen  0.09/turn              (no ring)

@: corroded, flying, mesmerised
A: no striking features
a: no special abilities


You were on level 3 of the Dungeon.
You visited 1 branch of the dungeon, and saw 3 of its levels.

You collected 136 gold pieces.

Inventory:

Hand Weapons
 a - the +14 obsidian axe (weapon) {vorpal, Drain Fly SInv}
   (You acquired it on level 2 of the Dungeon)

   It inflicts extra damage upon your enemies.
   It lets you see invisible.
   It grants you flight.
   It drains your maximum health when unequipped.
 b - a +0 hunting sling
 d - a +0 war axe
Missiles
 j - 21 sling bullets
Armour
 c - a +0 kite shield (worn)
 k - a +1 scale mail (worn)
Jewellery
 m - a ring of poison resistance (left hand)
Potions
 e - a potion of berserk rage {unknown}
 g - a potion of curing {unknown}
 h - 2 potions of ambrosia {unknown}
 i - a potion of flight {unknown}
 N - a potion of might


   Skills:
 + Level 4.3 Fighting
 * Level 4.6 Axes
 * Level 4.4 Armour
 - Level 4.0 Shields


You had 4 spell levels left.
You didn't know any spells.
Your spell library was empty.

Dungeon Overview and Level Annotations

Branches:
Dungeon (3/15)

Altars:


Message History

You kill the orc!
Visions of slaying the rust devil flood into your mind.
An orc comes into view. It is wielding a +0 club.
You block the rust devil's attack.
You barely miss the rust devil. The rust devil completely misses you.
You completely miss the rust devil. The rust devil hits you.
The rust devil corrodes you! The rust devil hits you!
The rust devil corrodes you!
Unknown command.
You feel your willpower return. The rust devil completely misses you.
There is a stone staircase leading down here.
You cannot move away from the rust devil!
Unknown command.
You cannot move away from the rust devil!
Unknown command.
You cannot move away from the rust devil!
Unknown command.
You aren't carrying any scrolls.
You aren't carrying any scrolls.
Unknown command.
You closely miss the rust devil.
The orc wizard casts a spell at itself.
The orc wizard flickers and vanishes for a moment.
The rust devil closely misses you. The orc wizard casts a spell at you.
The puff of flame hits you! You block the rust devil's attack.
The rust devil hits you!
* * * LOW HITPOINT WARNING * * *
The rust devil corrodes you!
You barely miss the orc wizard. You hit the rust devil.
The rust devil hits you.
* * * LOW HITPOINT WARNING * * *
The rust devil corrodes you! The orc wizard casts a spell at you.
The puff of flame hits you!
* * * LOW HITPOINT WARNING * * *
The orc hits you from afar with a +0 spear!
You die...

.♣♣ #. . ..
♣♣.♣♣ .. .#
♣...♣♣ .##.
♣P..P♣ .#.
#....# o.
#....# ##.
##...# #o# #
##.####o####.#
#....>.@....#
##....4.....#
#..........#
#..........#
#..........#
#..[.....$.#
#..........#
####.#######
#.#


You could see a rust devil (summoned, mesmerising), an orc wizard (invisible)
and an orc.

Vanquished Creatures
  2 adders
  3 gnolls (D:3)
  3 worms
  4 orcs (D:3)
  6 ball pythons
  7 endoplasms
  3 giant cockroaches
  7 goblins
  7 hobgoblins
  6 jackals
  2 kobolds (D:1)
  6 quokkas
  7 bats
  3 frilled lizards
  7 rats
73 creatures vanquished.

Vanquished Creatures (collateral kills)
  An orc (D:3)
  A jackal (D:3)
2 creatures vanquished.

Vanquished Creatures (others)
  2 fungi (D:3)
2 creatures vanquished.

Grand Total: 77 creatures vanquished

Notes
Turn   | Place    | Note
-------+----------+-------------------------------------------
     0 | D:1      | wakim the Hill Orc Fighter began the quest for the Orb.
     0 | D:1      | Reached XP level 1. HP: 19/19 MP: 1/1
   146 | D:1      | Reached XP level 2. HP: 20/27 MP: 2/2
   723 | D:1      | Reached XP level 3. HP: 30/33 MP: 3/3
  1640 | D:2      | Found a faded altar of an unknown god.
  1818 | D:2      | Reached XP level 4. HP: 35/40 MP: 4/4
  2112 | D:2      | Identified a scroll of acquirement
  2112 | D:2      | Acquired the +14 obsidian axe {vorpal, Drain Fly SInv}
  2113 | D:2      | Found the +14 obsidian axe {vorpal, Drain Fly SInv}
  2338 | D:3      | Reached XP level 5. HP: 29/46 MP: 5/5
  2475 | D:3      | Noticed a rust devil
  2483 | D:3      | Slain by an orc

Illustrated notes

Levels and vault maps discovered:
D:1:      nzn_arrival_water_spiral, layout_basic
D:2:      layout_rooms, hellmonk_ecumenical_altar_lost_god
D:3:      layout_rooms, minmay_stone_trees_large, uniq_crazy_yiuf_cottage,
          uniq_terence, uniq_sigmund

Skill      XL: |  1  2  3  4 |
---------------+-------------+-----
Axes           | 3 4 |  4.6
Fighting       | 4 |  4.3
Shields        | 4 |  4.0
Armour         | 4 |  4.4

Action                   |  1- 3 |  4- 6 || total
-------------------------+-------+-------++-------
Melee: War axe           |   109 |    32 ||   141
       Broad axe         |       |    31 ||    31
 Fire: Hunting sling     |    11 |       ||    11
  Use: Scroll            |     1 |     5 ||     6
Armor: Scale mail        |    55 |    28 ||    83
Dodge: Dodged            |    29 |    19 ||    48
Block: Kite shield       |    51 |    46 ||    97

Table legend: (Time is in decaauts)
 A = Elapsed time spent in this place.
 B = Non-inter-level travel time spent in this place.
 C = Inter-level travel time spent in this place.
 D = Time resting spent in this place.
 E = Time spent auto-exploring this place.
 F = Levels seen in this place.
 G = Mean time per level.
                   A        B        C        D        E       F      G
               +--------+--------+--------+--------+--------+-----+--------+
         Total |   2583 |   2476 |    107 |      0 |   1953 |   3 |  861.0 |
       Dungeon |   2583 |   2476 |    107 |      0 |   1953 |   3 |  861.0 |
               +--------+--------+--------+--------+--------+-----+--------+

Top non-repeatable levels by time:
     D:1: 1447 daAuts
     D:2: 774 daAuts
     D:3: 361 daAuts
